 Dungeon Crawl Stone Soup version 0.19.0-22-gd96e5fe (webtiles) character file.

22383 dobroeutro the Covert (level 12, -4/61 HPs)
             Began as a Spriggan Enchanter on Nov 19, 2016.
             Was a High Priest of Dithmenos.
             Killed from afar by a lindwurm (27 damage)
             ... with a blast of flame
             ... in a volcano.
             The game lasted 00:49:46 (16323 turns).

dobroeutro the Covert (Spriggan Enchanter)         Turns: 16323, Time: 00:49:47

Health: -4/61      AC:  5    Str:  5    XL:     12   Next: 62%
Magic:  27/27      EV: 22    Int: 19    God:    Dithmenos [*****.]
Gold:   524        SH:  0    Dex: 20    Spells: 3 memorised, 23 levels left

rFire  . . .     SeeInvis +     o - +3 dagger (venom)
rCold  . . .     Gourm    .     b - +1 robe
rNeg   . . .     Faith    .     (shield restricted)
rPois  +         Spirit   .     a - +0 hat {SInv}
rElec  .         Reflect  .     B - +1 cloak
rCorr  .         Harm     .     (gloves unavailable)
MR     ++...                    (boots unavailable)
Stlth  +++++++++.               (no amulet)
                                v - ring of poison resistance
                                w - +2 ring of intelligence

@: wreathed by umbra, very quick
A: unfitting armour, see invisible, herbivore 3, speed 3, slow metabolism 2
a: Shadow Step, Shadow Form, Renounce Religion


You were in a volcano.
You worshipped Dithmenos.
Dithmenos was extremely pleased with you.
You were near starving.

You visited 3 branches of the dungeon, and saw 16 of its levels.
You also visited: Sewer and Volcano.

You collected 765 gold pieces.
You spent 241 gold pieces at shops.

Inventory:

Hand Weapons
 o - a +3 dagger of venom (weapon)
 s - a +2 dagger of electrocution
 G - a +0 rapier of freezing
 I - a +3 short sword of freezing
Armour
 a - a +0 hat of see invisible (worn)
 b - a +1 robe (worn)
 B - a +1 cloak (worn)
 F - a +3 buckler
Jewellery
 v - a ring of poison resistance (right hand)
 w - a +2 ring of intelligence (left hand)
Wands
 x - a wand of polymorph (21/24)
 L - a wand of iceblast (1/15)
Scrolls
 h - a scroll of fog
 i - 18 scrolls of identify
 l - 3 scrolls of enchant weapon
 p - 3 scrolls of amnesia
 q - a scroll of recharging
 u - 4 scrolls of teleportation
 H - 4 scrolls of remove curse
Potions
 e - a potion of cure mutation {unknown}
 g - a potion of heal wounds
 j - 3 potions of brilliance
 k - a potion of flight
 n - a potion of agility {unknown}
 r - a potion of degeneration {unknown}
 t - a potion of haste
 z - a potion of invisibility {unknown}
 A - 4 potions of curing {unknown}
 C - a potion of magic {unknown}
 D - 2 potions of lignification {unknown}
 E - a potion of might {unknown}
Books
 c - a book of Maledictions

   Spells                             Type                      Level
   a - Corona                         Hexes                        1
   b - Ensorcelled Hibernation        Hexes/Ice                    2
   c - Confuse                        Hexes                        3
   d - Tukima's Dance                 Hexes                        3
   e - Dazzling Spray                 Conjuration/Hexes            3
Comestibles
 d - 15 bread rations
 f - 5 fruits
 m - 6 slices of pizza


   Skills:
 - Level 6.2 Fighting
 * Level 12.0 Short Blades
 - Level 5.6 Dodging
 + Level 13.0 Stealth
 - Level 3.0 Shields
 + Level 10.4 Spellcasting
 + Level 10.2 Hexes
 - Level 5.5 Ice Magic
 + Level 2.4 Evocations


You had 23 spell levels left.
You knew the following spells:

 Your Spells              Type           Power        Failure   Level  Hunger
a - Dazzling Spray        Conj/Hex       ####..       2%          3    None
b - Ensorcelled Hibernat  Hex/Ice        #####.       1%          2    None
c - Confuse               Hex            #####...     1%          3    None


Dungeon Overview and Level Annotations

Branches:
Dungeon (13/15)            Temple (1/1) D:6            Lair (2/6) D:11
  Snake (0/4) Lair:2          Orc (0/2) D:12
  Swamp: Lair:2-4    Shoals: Lair:2-4    Vaults: D:13-14

Altars:
Ashenzari
Cheibriados
Dithmenos
Elyvilon
Fedhas
Gozag
Hepliaklqana
Kikubaaqudgha
Makhleb
Nemelex Xobeh
Qazlal
Ru
Sif Muna
Trog
Uskayaw
Vehumet
Xom
Yredelemnul
Zin
The Shining One

Shops:
D:4 [   D:5 *   D:6 [   D:12 %(

Annotations:
D:6 exclusion: door, Eustachio
D:12 2 runed doors
D:13 exclusion: door


Innate Abilities, Weirdness & Mutations

You are very small and have problems with some larger weapons.
You are too small for most types of armour.
You have supernaturally acute eyesight. (SInv)
You are a herbivore.
You cover ground extremely quickly.
You need consume almost no food.


Message History

You open the door. 2 lindwurms and a molten gargoyle come into view.
There is an open door here.
The helpless molten gargoyle fails to defend itself.
You stick the molten gargoyle like a pincushion!!!!
You destroy the molten gargoyle!
Dithmenos accepts your kill.
Dithmenos appreciates your extinguishing a source of fire.
Your Stealth skill increases to level 13!
A molten gargoyle comes into view. It is wielding a mace.
You see here a morningstar.
The molten gargoyle blasts magma at you!
The bolt of magma hits you!
The lindwurm roars!
The lindwurm breathes flames at you. The blast of flame hits you!
You see here a morningstar.
The lindwurm breathes flames at you. The blast of flame hits you!
You die...

###'###'###
#..##≈≈..#
##.##≈≈≈≈§§#
#..###§≈≈≈§.#
#.)##≈§§≈..##
##..##≈≈..##
##..##≈..#
##..#E###
###@# ###.)##
###....≈#
#...≈9≈##
#..≈≈≈≈k≈#
#..≈≈≈≈k##
##...≈≈≈≈#
###...≈≈#
###..##


You could see 2 lindwurms and a molten gargoyle.

Vanquished Creatures
  Gastronok (D:9)
  Snorg (D:10)
  2 unseen horrors (D:11)
  4 hill giants
  A deep elf mage (D:13)
  A cyclops (D:13)
  A black mamba (Lair:1)
  A centaur zombie (D:11)
  2 spiny frogs (Lair:1)
  A gargoyle (D:10)
  2 molten gargoyles (Volcano)
  A komodo dragon (D:13)
  A troll (D:12)
  3 hornets
  A two-headed ogre (D:12)
  2 hippogriffs
  3 wyverns
  A spriggan (D:8)
  A shadow (D:12)
  A water elemental (D:12)
  14 yaks
  A fire elemental (Volcano)
  2 hungry ghosts
  A warg (D:11)
  A soldier ant (D:13)
  Duvessa (D:5)
  A porcupine (Lair:1)
  3 water moccasins (Lair:1)
  2 ice beasts
  5 sky beasts
  9 orc warriors
  3 black bears
  A necrophage (D:8)
  9 ogres
  4 phantoms
  7 wolves (Lair:1)
  6 centaurs
  3 big kobolds
  A crocodile (Sewer)
  10 bullfrogs
  An earth elemental (Volcano)
  Dowan (D:5)
  A wyvern skeleton (D:10)
  4 scorpions
  2 water moccasin skeletons
  5 killer bees (D:9)
  10 wights
  2 electric eels (D:11)
  A howler monkey (D:6)
  3 bullfrog zombies
  8 crimson imps
  Crazy Yiuf (D:2)
  7 hounds
  8 orc priests
  2 jellies
  13 orc wizards
  Jessica (D:2)
  4 centaur skeletons
  8 iguanas
  2 hell rats (Lair:1)
  8 worker ants
  2 hound zombies
  A hound skeleton (D:11)
  Robin (D:4)
  4 gnolls
  19 adders
  4 river rats (Lair:1)
  A shadow imp (D:7)
  An ooze (D:6)
  2 adder zombies
  2 worms
  4 dart slugs
  8 leopard geckos
  57 orcs
  3 ball pythons
  9 giant cockroaches
  12 goblins
  9 hobgoblins
  9 jackals
  21 kobolds
  10 bats
  3 frilled lizards
  A jackal skeleton (D:4)
  A quokka skeleton (D:8)
  15 rats
406 creatures vanquished.

Vanquished Creatures (collateral kills)
  A warg (D:11)
  An ogre (D:11)
2 creatures vanquished.

Grand Total: 408 creatures vanquished

Notes
Turn   | Place    | Note
-------+----------+-------------------------------------------
     0 | D:1      | dobroeutro the Spriggan Enchanter began the quest for the Orb.
     0 | D:1      | Reached XP level 1. HP: 9/9 MP: 5/5
   257 | D:1      | Reached XP level 2. HP: 13/13 MP: 6/6
   264 | D:1      | Learned a level 2 spell: Ensorcelled Hibernation
   666 | D:1      | Reached skill level 5 in Stealth
  1172 | D:2      | Reached XP level 3. HP: 16/16 MP: 8/8
  1198 | D:2      | Found a runed door.
  1202 | D:2      | Noticed Crazy Yiuf
  1208 | D:2      | Killed Crazy Yiuf
  1338 | D:1      | Reached XP level 4. HP: 21/21 MP: 0/10
  1517 | D:2      | Found a burning altar of Makhleb.
  1785 | D:2      | Noticed Jessica
  1791 | D:2      | Killed Jessica
  1852 | D:3      | Noticed a centaur
  1861 | D:3      | Killed a centaur
  1861 | D:3      | Reached XP level 5. HP: 24/24 MP: 4/11
  1895 | D:3      | Found a faded altar of an unknown god.
  1899 | D:3      | Reached skill level 6 in Stealth
  2283 | D:3      | Found a blossoming altar of Fedhas.
  2396 | D:3      | Reached XP level 6. HP: 15/28 MP: 6/13
  2522 | D:3      | Noticed a hornet
  2604 | D:3      | Killed a hornet
  2604 | D:3      | Reached skill level 1 in Fighting
  2692 | D:4      | Found a basalt altar of Yredelemnul.
  2692 | D:4      | Found an ancient bone altar of Kikubaaqudgha.
  2692 | D:4      | Found a sacrificial altar of Ru.
  2721 | D:4      | Reached XP level 7. HP: 29/33 MP: 14/14
  2744 | D:4      | Reached skill level 5 in Short Blades
  2744 | D:4      | Reached skill level 5 in Hexes
  2762 | D:4      | Learned a level 3 spell: Confuse
  2766 | D:4      | Reached skill level 7 in Stealth
  2929 | D:4      | Found Meimyimput's Antique Armour Shop.
  3055 | D:4      | Noticed Robin
  3485 | D:4      | Found an opulent altar of Gozag.
  3689 | D:4      | Killed Robin
  3918 | D:5      | Entered Level 5 of the Dungeon
  4059 | D:5      | Reached skill level 5 in Spellcasting
  4120 | D:5      | Noticed Duvessa
  4120 | D:5      | Noticed Dowan
  4122 | D:5      | Killed Duvessa
  4122 | D:5      | Reached XP level 8. HP: 35/39 MP: 14/16
  4127 | D:5      | Killed Dowan
  4127 | D:5      | Reached skill level 5 in Dodging
  4260 | D:5      | Found an opulent altar of Gozag.
  4292 | D:5      | Found a stormy altar of Qazlal.
  4295 | D:5      | Found a hazy altar of Hepliaklqana.
  4383 | D:5      | Found Zin's Purification Station.
  4386 | D:5      | Found a glowing silver altar of Zin.
  4411 | D:5      | Reached skill level 1 in Ice Magic
  4849 | D:5      | Reached skill level 8 in Stealth
  5097 | D:6      | Found a shattered altar of Ashenzari.
  5115 | D:6      | Found a glowing drain.
  5164 | Sewer    | Entered a sewer
  5268 | D:6      | Found a hide-covered altar of Uskayaw.
  5374 | D:6      | Found a staircase to the Ecumenical Temple.
  5396 | D:6      | Reached XP level 9. HP: 42/44 MP: 3/19
  5417 | Temple   | Entered the Ecumenical Temple
  5474 | Temple   | Became a worshipper of Dithmenos the Shadowed
  5597 | D:6      | Found a deep blue altar of Sif Muna.
  5605 | D:6      | Found Xobes's Antique Armour Boutique.
  5613 | D:6      | Noticed Eustachio
  5660 | D:6      | Bought a shiny buckler for 241 gold pieces
  6288 | D:7      | Reached skill level 9 in Stealth
  6330 | D:7      | Reached * piety under Dithmenos
  6564 | D:7      | Reached skill level 1 in Shields
  7309 | D:8      | Reached ** piety under Dithmenos
  7325 | D:8      | Reached XP level 10. HP: 49/49 MP: 15/21
  7421 | D:8      | Found a stormy altar of Qazlal.
  8183 | D:8      | Reached skill level 10 in Stealth
  9214 | D:9      | Found a glowing golden altar of the Shining One.
  9232 | D:9      | Reached *** piety under Dithmenos
  9291 | D:9      | Noticed Gastronok
  9703 | D:9      | Killed Gastronok
  9947 | D:10     | Entered Level 10 of the Dungeon
  9950 | D:10     | Reached skill level 5 in Fighting
 10033 | D:10     | Noticed a hill giant
 10421 | D:10     | Reached XP level 11. HP: 55/55 MP: 24/24
 10444 | D:10     | Noticed a hill giant
 10451 | D:10     | Killed a hill giant
 10451 | D:10     | Reached skill level 10 in Short Blades
 10556 | D:10     | Noticed Snorg
 10569 | D:10     | Killed Snorg
 10569 | D:10     | Reached skill level 11 in Stealth
 10910 | D:10     | Killed a hill giant
 10975 | D:11     | Noticed an unseen horror
 10977 | D:11     | Killed an unseen horror
 11059 | D:11     | Found a staircase to the Lair.
 11156 | D:11     | Reached **** piety under Dithmenos
 11463 | D:11     | Got a dazzling quarterstaff
 11464 | D:11     | Identified the +4 quarterstaff of Honour {crush, Fragile MR+ Str+5 Dex+3} (You found it on level 11 of the Dungeon)
 12580 | D:11     | Noticed an unseen horror
 12589 | D:11     | Killed an unseen horror
 13005 | D:11     | Noticed a hill giant
 13014 | D:11     | Killed a hill giant
 13014 | D:11     | Reached skill level 12 in Stealth
 13183 | D:12     | Found a staircase to the Orcish Mines.
 13194 | D:12     | Found Qarchac's Weapon Boutique.
 13195 | D:12     | Found Qeym Daro's Food Shoppe.
 13241 | D:12     | Found a shattered altar of Ashenzari.
 13624 | D:12     | Noticed a hill giant
 13638 | D:12     | Killed a hill giant
 13638 | D:12     | Reached XP level 12. HP: 48/60 MP: 6/26
 13884 | D:12     | Reached skill level 5 in Ice Magic
 13933 | D:12     | Found a runed door.
 14014 | D:11     | Reached ***** piety under Dithmenos
 14521 | D:12     | Found a runed door.
 15072 | D:13     | Noticed a vault guard
 15141 | Lair:1   | Entered Level 1 of the Lair of Beasts
 15185 | Lair:1   | Reached skill level 10 in Spellcasting
 15451 | Lair:1   | Reached skill level 1 in Evocations
 15458 | Lair:1   | HP: 1/61 [spiny frog (5)]
 15470 | Lair:1   | HP: 2/61 [black mamba (1)]
 15497 | Lair:1   | Reached skill level 10 in Hexes
 15856 | Lair:1   | Learned a level 3 spell: Dazzling Spray
 16004 | Lair:1   | Found a stormy altar of Qazlal.
 16189 | Lair:2   | Found a dark tunnel.
 16197 | Volcano  | Entered a volcano
 16311 | Volcano  | Reached skill level 13 in Stealth
 16323 | Volcano  | Killed from afar by a lindwurm

Skill      XL: |  1  2  3  4  5  6  7  8  9 10 11 12 |
---------------+-------------------------------------+-----
Spellcasting   | 3 4 5 6 7 8 9 10 | 10.4
Stealth        | 5 6 7 8 9 10 12 13 | 13.0
Short Blades   | 2 3 4 5 6 8 9 11 12 | 12.0
Hexes          | 4 5 6 7 8 9 10 | 10.2
Fighting       | 1 2 3 4 5 6 |  6.2
Dodging        | 4 5 |  5.6
Ice Magic      | 1 3 4 5 |  5.5
Shields        | 1 2 3 |  3.0
Evocations     | 2 |  2.4

Action                   |  1- 3 |  4- 6 |  7- 9 | 10-12 || total
-------------------------+-------+-------+-------+-------++-------
Melee: Dagger            |    92 |   111 |   433 |   890 ||  1526
       Short sword       |       |       |       |     8 ||     8
 Cast: Ensorcelled Hiber |     7 |    11 |    76 |   114 ||   208
       Confuse           |       |       |    12 |    25 ||    37
       Dazzling Spray    |       |       |       |    10 ||    10
Evoke: Wand              |       |       |       |     2 ||     2
  Use: Scroll            |       |       |    12 |     7 ||    19
       Potion            |       |       |       |     4 ||     4
 Stab: Sleeping          |     9 |    14 |    50 |    86 ||   159
       Distracted        |     1 |       |     1 |     2 ||     4
       Confused          |       |       |     6 |    15 ||    21
       Invisible         |       |       |       |     1 ||     1
  Eat: Bread ration      |       |       |     1 |       ||     1
       Pizza             |       |       |       |     5 ||     5
       Fruit             |       |       |       |     1 ||     1
Armor: Robe              |    14 |    13 |    28 |    47 ||   102
Dodge: Dodged            |    70 |    85 |   265 |   485 ||   905
Block: Buckler           |       |       |     3 |       ||     3
